 Dungeon Crawl Stone Soup version 0.31-a0-702-gf82c85558f (webtiles) character file.

Game seed: 11029869915150529347

63 Conn the Sneak (level 4, 0/31 HPs)
             Began as an Octopode Delver on Sept 8, 2023.
             Was an Initiate of Vehumet.
             Slain by an orc
             ... wielding a +0 hand axe
              (4 damage)
             ... on level 4 of the Dungeon.
             The game lasted 00:04:52 (725 turns).

Conn the Sneak (Octopode Delver)                     Turns: 725, Time: 00:04:56

Health: 0/31       AC:  1    Str: 11    XL:     4   Next: 10%
Magic:  5/5        EV: 13    Int: 14    God:    Vehumet [......]
Gold:   0          SH:  0    Dex: 13    Spells: 3/5 levels left

rFire   + . .        g - staff of fire
rCold   . . .        (no shield)
rNeg    . . .        (helmet restricted)
rPois   .            (no amulet)
rElec   .            (no ring)
rCorr   .            (no ring)
SInv    .            (no ring)
Will    .....        (no ring)
Stlth   ++++         (no ring)
HPRegen 0.25/turn    (no ring)
MPRegen 0.09/turn    (no ring)
                     (no ring)

%: no passive effects
@: no status effects
A: almost no armour, amphibious, 8 rings, camouflage 1, gelatinous body 1,
(nimble swimmer 1), tentacles
a: Renounce Religion


You were on level 4 of the Dungeon.
You worshipped Vehumet.
Vehumet was noncommittal.
You visited 1 branch of the dungeon, and saw 2 of its levels.

Inventory:

Hand Weapons
 a - a +0 short sword
Magical Staves
 g - a staff of fire (weapon)
Wands
 f - a wand of digging (3)
Scrolls
 b - 2 scrolls of fog
 c - a scroll of revelation
 d - a scroll of fear
 e - a scroll of blinking {unknown}
 h - a scroll of silence {unknown}


   Skills:
 + Level 3.4 Fighting
 - Level 2.4 Short Blades
 + Level 2.6 Dodging
 - Level 7.0 Stealth
 * Level 1.0 Spellcasting
 + Level 0.0 Summonings
 * Level 1.0 Fire Magic


You had 3 spell levels left.
You knew the following spells:

 Your Spells              Type           Power      Damage    Failure   Level
a - Summon Small Mammal   Summ           0%         N/A       26%         1
b - Apportation           Tloc           0%         N/A       26%         1

Your spell library contained the following spells:

 Spells                   Type           Power      Damage    Failure   Level
 Necrotise                Necr           0%         1d4       26%         1


Dungeon Overview and Level Annotations

Branches:
Dungeon (5/15)
 Temple: D:4-7

Altars:
Vehumet
Zin

Annotations:
D:4 Edmund, Robin


Innate Abilities, Weirdness & Mutations

You cannot wear most types of armour.
You are amphibious.
You can wear up to eight rings at the same time.
Your skin changes colour to match your surroundings (Stealth+).
Your rubbery body absorbs attacks. (AC +1, EV +1)
((You are camouflaged when in or above water. (Stealth+)))
You have tentacles for arms and can constrict up to eight enemies at once.


Message History

The endoplasm quivers.
The ufetubus hits you but does no damage. x2
The endoplasm attacks as it pursues you!
The endoplasm barely misses you. The ufetubus hits you.
The ufetubus closely misses you.
The kobold shouts!
The ufetubus attacks as it pursues you! The ufetubus closely misses you.
The ufetubus hits you but does no damage.
The ufetubus misses you.
The ufetubus hits you but does no damage.
The endoplasm attacks as it pursues you!
The endoplasm misses you.
You hit the ufetubus but do no damage. Your grab misses the ufetubus.
You squeeze the ufetubus, but do no damage.
The ufetubus barely misses you. x2; The endoplasm misses you.
The ufetubus closely misses you. The ufetubus barely misses you.
You hit the ufetubus. Your grab misses the ufetubus.
The ufetubus is lightly wounded.
The ufetubus barely misses you. x2
The endoplasm freezes you.
You are frozen.
The ufetubus closely misses you. The ufetubus barely misses you.
You barely miss the ufetubus. Your grab misses the ufetubus.
The ufetubus is lightly wounded.
The ufetubus closely misses you. The ufetubus hits you. The endoplasm hits you.
You hit the ufetubus but do no damage. You grab the ufetubus.
The ufetubus is lightly wounded.
You constrict the ufetubus, but do no damage.
The ufetubus hits you. The ufetubus closely misses you.
The endoplasm closely misses you. The ufetubus hits you.
* * * LOW HITPOINT WARNING * * *
The ufetubus barely misses you.
It was a potion of cancellation.
You feel magically purged.
You constrict the ufetubus, but do no damage.
The ufetubus closely misses you. The ufetubus misses you.
The endoplasm freezes you.
You are frozen.
* * * LOW HITPOINT WARNING * * *
The orc hits you with a +0 hand axe.
You die...

#.# #.....#g# #.#
#.##..#.# ## #.#
#.##..#.####. #..
##'###...#....
#o.....#......
#..........#.#
####.....###....#
####o..........>....
#..@5K.........#####
#...J..........#
#..............#
#..............
#......#..#####
#......#..#
#......#..# #......#


You could see an orc, an ufetubus, an endoplasm and a kobold.

Vanquished Creatures
  A hound (D:5)
  3 adders (D:4)
  A giant cockroach (D:4)
  A quokka (D:5)
  A ball python (D:4)
7 creatures vanquished.

Vanquished Creatures (collateral kills)
  2 goblins (D:4)
  A hobgoblin (D:4)
3 creatures vanquished.

Grand Total: 10 creatures vanquished

Notes
Turn   | Place    | Note
-------+----------+-------------------------------------------
     0 | D:5      | Conn the Octopode Delver began the quest for the Orb.
     0 | D:5      | Reached XP level 1. HP: 16/16 MP: 1/1
    40 | D:5      | Noticed a hound
    46 | D:5      | Killed a hound
    47 | D:5      | Reached XP level 2. HP: 6/21 MP: 2/2
    47 | D:5      | Reached XP level 3. HP: 8/26 MP: 3/3
    88 | D:5      | Reached skill level 7 in Stealth
   186 | D:5      | Found a radiant altar of Vehumet.
   187 | D:5      | Noticed a bullfrog
   193 | D:5      | Found a glowing silver altar of Zin.
   211 | D:5      | Became a worshipper of Vehumet
   458 | D:4      | Learned a level 1 spell: Summon Small Mammal
   472 | D:4      | Reached XP level 4. HP: 27/31 MP: 0/5
   484 | D:4      | Learned a level 1 spell: Apportation
   539 | D:4      | Reached skill level 1 in Fire Magic
   584 | D:4      | Noticed Robin
   585 | D:4      | Noticed Edmund
   624 | D:4      | Reached skill level 1 in Spellcasting
   725 | D:4      | Slain by an orc

Illustrated notes

Levels and vault maps discovered:
D:4:      layout_basic, cheibrodos_sewer_entry_bend, minmay_hedge_maze,
          uniq_robin, uniq_edmund, uniq_pikel
D:5:      minmay_diamond_boxcup, layout_loops_cross,
          nicolae_hepliaklqana_hazy_memory, amethyst_overflow_temple_binary,
          serial_co_window_serial, co_window_paths_a,
          co_window_of_opportunity_a, co_window_paths_a, co_window_paths_a,
          co_window_paths_b, co_window_paths_a, co_window_unsneaky_path_b,
          co_window_unsneaky_path_e, co_window_broadway_a, glass_columns_c,
          glass_columns_a, glass_columns_b, glass_columns_a, glass_columns_c,
          nicolae_shop_unique_rings, chequers_garden, minmay_misc_feat_tiny

Skill      XL: |  1  2  3  4 |
---------------+-------------+-----
Stealth        | 7 |  7.0
Fire Magic     | 1 |  1.0
Spellcasting   | 1 |  1.0
Fighting       | |  3.4
Short Blades   | |  2.4
Dodging        | |  2.6

Action                     |  1- 3 |  4- 6 || total
---------------------------+-------+-------++-------
  Melee: Staff             |    18 |    10 ||    28
         Tentacles         |     6 |     1 ||     7
         Constrict         |     5 |     2 ||     7
   Cast: Summon Small Mamm |       |     9 ||     9
    Use: Potion            |     1 |     1 ||     2
   Stab: Sleeping          |     2 |       ||     2
 Armour: Skin              |    10 |    21 ||    31
  Dodge: Dodged            |    11 |    30 ||    41

Table legend: (Time is in decaauts)
 A = Elapsed time spent in this place.
 B = Non-inter-level travel time spent in this place.
 C = Inter-level travel time spent in this place.
 D = Time resting spent in this place.
 E = Time spent auto-exploring this place.
 F = Levels seen in this place.
 G = Mean time per level.
                   A        B        C        D        E       F      G
               +--------+--------+--------+--------+--------+-----+--------+
         Total |    711 |    711 |      0 |      0 |    317 |   2 |  355.5 |
       Dungeon |    711 |    711 |      0 |      0 |    317 |   2 |  355.5 |
               +--------+--------+--------+--------+--------+-----+--------+

Top non-repeatable levels by time:
     D:4: 391 daAuts
     D:5: 319 daAuts
